 Dungeon Crawl Stone Soup version 0.27-a0-1191-g601b473118 (webtiles) character file.

Game seed: 9915103424954200973

322 freelancePsychic the Vandal (level 6, -2/49 HPs)
             Began as a Mummy Hunter on May 24, 2021.
             Was a Follower of Ashenzari.
             Slain by Duvessa
             ... wielding a +0 rapier
              (6 damage)
             ... on level 4 of the Dungeon.
             The game lasted 00:08:15 (4051 turns).

freelancePsychic the Vandal (Mummy Hunter)          Turns: 4051, Time: 00:08:15

Health: -2/49      AC:  6    Str: 18    XL:     6   Next: 22%
Magic:  6/6        EV: 11    Int: 10    God:    Ashenzari [*.....]
Gold:   188        SH:  0    Dex: 12    Spells: 5/5 levels left

rFire    x . .     SeeInvis .   a - +1 hunting sling "Eternal Together" {Range, Evo} (curse)
rCold    + . .     Faith    .   (no shield)
rNeg     + + +     Spirit   .   j - +0 ring mail of Ashenzari's Vexation {Range, Alch} (curse)
rPois    ∞         Reflect  .   (no helmet)
rElec    .         Harm     .   k - +0 cloak
rCorr    .         Rampage  .   (no gloves)
Will     +....                  (no boots)
Stlth    +.........             (no amulet)
HPRegen  0.16/turn              n - ring of willpower
MPRegen  0.10/turn              (no ring)

@: no status effects
A: cold resistance 1, negative energy resistance 3, torment resistance 2, heat
vulnerability 1, no potions
a: Renounce Religion, Shatter the Chains


You were on level 4 of the Dungeon.
You worshipped Ashenzari.
Ashenzari was aware of your devotion.
You visited 1 branch of the dungeon, and saw 4 of its levels.

You collected 188 gold pieces.

Inventory:

Hand Weapons
 a - the cursed +1 hunting sling "Eternal Together" (weapon) {Range, Evo}

   It has a curse which improves the following skills: Ranged Combat: Slings,
   Bows, Crossbows and Throwing.
   Evocations: Evocations.
 b - a +0 short sword
Missiles
 d - 20 sling bullets (quivered ammo)
 f - 68 stones
 h - 2 boomerangs of dispersal
Armour
 j - the cursed +0 ring mail of Ashenzari's Vexation (worn) {Range, Alch}
   (You found it on level 2 of the Dungeon)

   It has a curse which improves the following skills: Ranged Combat: Slings,
   Bows, Crossbows and Throwing.
   Alchemy:   Poison Magic and Transmutations.
 k - a +0 cloak (worn)
Jewellery
 l - a +6 ring of intelligence
 n - a ring of willpower (left hand)
Scrolls
 c - 2 scrolls of blinking
 e - a scroll of silence
 g - 3 scrolls of teleportation {@r4}
 i - a scroll of immolation
 o - a scroll of magic mapping


   Skills:
 + Level 4.5 Fighting
 + Level 4.8(6.3) Slings
 - Level 2.0 Dodging
 - Level 1.5 Stealth


You had 5 spell levels left.
You didn't know any spells.
Your spell library contained the following spells:

 Spells                   Type           Power      Damage    Failure   Level
 Confusing Touch          Hex            0%         N/A       90%         3
 Gell's Gravitas          Tloc           0%         N/A       90%         3
 Petrify                  Tmut/Erth      0%         N/A       100%        4
 Metabolic Englaciation   Hex/Ice        0%         N/A       100%        5
 Yara's Violent Unravell  Hex/Tmut       0%         3d3       100%        5


Dungeon Overview and Level Annotations

Branches:
Dungeon (4/15)
 Temple: D:4-7

Altars:
Ashenzari
Wu Jian

Shops:
D:2 =

Annotations:
D:4 Dowan, Duvessa


Innate Abilities, Weirdness & Mutations

You are immune to poison.
Your flesh is cold resistant. (rC+)
You are immune to negative energy. (rN+++)
You are immune to unholy pain and torment.
You are vulnerable to heat. (rF-)
You do not drink.


Message History

Fire: 25 sling bullets
Press: ? - help, Q - select action, (/) - cycle Shift-Dir - straight line, f/p - Duvessa
Aim: Duvessa, wielding a +0 rapier and wearing a +3 ring mail of positive energy (heavily wounded, fast, 71% to hit)
You shoot a sling bullet.
The sling bullet hits Duvessa but does no damage.
Duvessa is heavily wounded.
Duvessa hits you with a +0 rapier!
Fire: 24 sling bullets
Press: ? - help, Q - select action, (/) - cycle Shift-Dir - straight line, f/p - Duvessa
Aim: Duvessa, wielding a +0 rapier and wearing a +3 ring mail of positive energy (heavily wounded, fast, 71% to hit)
You shoot a sling bullet. The sling bullet hits Duvessa.
Duvessa is severely wounded.
Dowan's robes are whipped around by a magical breeze.
Dowan gestures wildly while chanting.
Dowan blinks!
Duvessa barely misses you.
Fire: 23 sling bullets
Press: ? - help, Q - select action, (/) - cycle Shift-Dir - straight line, f/p - Duvessa
Aim: Duvessa, wielding a +0 rapier and wearing a +3 ring mail of positive energy (severely wounded, fast, 71% to hit)
You shoot a sling bullet. The sling bullet barely misses Duvessa.
Duvessa hits you with a +0 rapier.
Dowan smirks and points a slender finger.
Dowan mumbles some strange words.
Dowan blinks!
Duvessa hits you with a +0 rapier!
* * * LOW HITPOINT WARNING * * *
Fire: 22 sling bullets
Press: ? - help, Q - select action, (/) - cycle Shift-Dir - straight line, f/p - Duvessa
Aim: Duvessa, wielding a +0 rapier and wearing a +3 ring mail of positive energy (severely wounded, fast, 71% to hit)
You shoot a sling bullet.
The sling bullet hits Duvessa but does no damage.
Duvessa is severely wounded.
Duvessa closely misses you.
Dowan gestures wildly while chanting.
Dowan blinks!
Duvessa barely misses you.
Fire: 21 sling bullets
Press: ? - help, Q - select action, (/) - cycle Shift-Dir - straight line, f/p - Duvessa
Aim: Duvessa, wielding a +0 rapier and wearing a +3 ring mail of positive energy (severely wounded, fast, 71% to hit)
You shoot a sling bullet.
The sling bullet closely misses Duvessa.
Duvessa hits you with a +0 rapier.
You die...

# ## ##.##.##.##.#
#.#.#.#.#.#.#.#.#.###
..#..#..#..#.†#..#....#
#(..#...#e..#...#...#.#
...#....#....#....#...#
.....#.....#.....#....#
.#......#§.....#......#
....#.......#.......#.####
........e@................
######(?##...........<[...
#...(............))####
#..$n..............####
#..................##..
#...(...>.......>..#...
....(.............#..<.
##...(...#..............
#...(...#..............


You could see Duvessa (fast) and Dowan.

Vanquished Creatures
  2 orc priests
  An iguana (D:4)
  5 orc wizards
  5 adders
  3 dart slugs
  3 orcs (D:3)
  5 ball pythons
  10 endoplasms
  6 hobgoblins
  7 kobolds
  A quokka (D:4)
  3 bats
  2 frilled lizards (D:1)
  8 goblins
  3 rats
64 creatures vanquished.

Notes
Turn   | Place    | Note
-------+----------+-------------------------------------------
     0 | D:1      | freelancePsychic the Mummy Hunter began the quest for the
                  | Orb.
     0 | D:1      | Reached XP level 1. HP: 16/16 MP: 1/1
   257 | D:1      | Reached skill level 1 in Stealth
   412 | D:1      | Reached XP level 2. HP: 20/22 MP: 2/2
   540 | D:1      | Found a faded altar of an unknown god.
  1089 | D:2      | Found a broken altar of Ashenzari.
  1097 | D:2      | Became a worshipper of Ashenzari the Shackled
  1239 | D:2      | Reached XP level 3. HP: 28/28 MP: 3/3
  1624 | D:2      | Found Boqob's Jewellery Emporium.
  2446 | D:3      | Reached * piety under Ashenzari
  2456 | D:3      | Reached XP level 4. HP: 35/35 MP: 4/4
  2905 | D:3      | Reached XP level 5. HP: 41/41 MP: 5/5
  3123 | D:3      | Found an ornate altar of the Wu Jian Council.
  3594 | D:3      | Reached XP level 6. HP: 23/49 MP: 6/6
  4035 | D:4      | Noticed Dowan
  4037 | D:4      | Noticed Duvessa
  4051 | D:4      | Slain by Duvessa

Illustrated notes

Levels and vault maps discovered:
D:1:      minmay_arrival_pointy, layout_loops_corners,
          ebering_ecumenical_altar_box
D:2:      layout_basic, serial_shops, shop, basic_altar
D:3:      minmay_recursive_quarters, layout_basic,
          nicolae_wu_jian_immortal_techniques
D:4:      layout_rooms, minmay_increasing_density, uniq_duvessa, uniq_grinder

Skill      XL: |  1  2  3  4  5 |
---------------+----------------+-----
Stealth        | 1 |  1.5
Dodging        | 2 |  2.0
Fighting       | 3 4 |  4.5
Slings         | 4 |  4.8

Action                   |  1- 3 |  4- 6 || total
-------------------------+-------+-------++-------
Melee: Hunting sling     |       |     3 ||     3
 Fire: Hunting sling     |   101 |   110 ||   211
Invok: Curse Item        |     2 |       ||     2
  Use: Scroll            |     4 |     2 ||     6
Armor: Ring mail         |     4 |    15 ||    19
Dodge: Dodged            |    12 |    25 ||    37

Table legend: (Time is in decaauts)
 A = Elapsed time spent in this place.
 B = Non-inter-level travel time spent in this place.
 C = Inter-level travel time spent in this place.
 D = Time resting spent in this place.
 E = Time spent auto-exploring this place.
 F = Levels seen in this place.
 G = Mean time per level.
                   A        B        C        D        E       F      G
               +--------+--------+--------+--------+--------+-----+--------+
         Total |   4046 |   3884 |    162 |    562 |   2852 |   4 | 1011.5 |
       Dungeon |   4046 |   3884 |    162 |    562 |   2852 |   4 | 1011.5 |
               +--------+--------+--------+--------+--------+-----+--------+

Top non-repeatable levels by time:
     D:2: 1371 daAuts
     D:3: 1211 daAuts
     D:1: 1031 daAuts
     D:4: 432 daAuts
